AoeStats
← Esglm

Northern Isles

510517464Analyzed
1v1 RM · 14h ago on Oct 1, 2026· 46m 50s· 2 players
Game mode
Random Map
Map size
Tiny (2 player)
Population
200
Speed
Normal
Resources
Standard
Victory
Conquest
Starting age
Dark Age
Ending age
Imperial Age
RankedLock teamsTeams togetherTeam positionsShared explorationLock speedFull tech treeHidden civsTurbo modeCheats
Victory
Defeat
🇹🇷 Vikings · Türkiye
874
+14
🇨🇱 Inca · Chile
823
-14
Esglm
1:22 Loom
10:06 Feudal Age
10:33 Double-Bit Axe
12:32 Fishing Lines
14:12 Gold Mining
20:27 Castle Age
19:35 Horse Collar
21:23 Scale Barding Armor
21:30 Forging
22:59 Gillnets
24:58 Iron Casting
24:39 Crossbowman
27:26 Chain Barding Armor
29:48 Stone Mining
30:08 Murder Holes
29:53 Treadmill Crane
31:36 Padded Archer Armor
31:26 Fletching
34:24 Imperial Age
36:31 Bodkin Arrow
39:54 Arbalester
42:42 Chemistry
42:57 Cavalier
Primus Legatus
3:05 Loom
10:03 Feudal Age
10:44 Double-Bit Axe
11:24 Horse Collar
19:28 Castle Age
17:58 Stone Mining
18:23 Forging
19:18 Gold Mining
19:30 Scale Mail Armor
22:32 Gold Shaft Mining
22:54 Iron Casting
22:31 Thumb Ring
22:58 Heavy Plow
28:17 Squires
28:35 Chain Mail Armor
31:14 Wheelbarrow
30:28 Town Watch
31:15 Bow Saw
35:47 Hand Cart
36:34 Elite Skirmisher
37:16 Padded Archer Armor
37:06 Fletching
41:53 Imperial Age
41:55 Leather Archer Armor
41:36 Bodkin Arrow
41:44 Town Patrol
42:45 Stone Shaft Mining
44:58 Blast Furnace
44:29 Plate Mail Armor
44:22 Conscription
46:10 Hoardings
Connection lost

Rejoining the realm…

Still unreachable

The connection could not be restored.

Session expired

The server has moved on; the page needs a fresh start.